 Dungeon Crawl Stone Soup version 0.30-a0-630-g881e3bac89 (webtiles) character file.

Game seed: 7379146219342544636

4169 Bnni the Slicer (level 10, -10/55 HPs)
             Began as a Vine Stalker Brigand on Jan 13, 2023.
             Was a Follower of Uskayaw.
             Mangled by a cyan ugly thing (14 damage)
             ... on level 8 of the Dungeon.
             The game lasted 00:09:56 (5560 turns).

Bnni the Slicer (Vine Stalker Brigand)              Turns: 5560, Time: 00:09:56

Health: -10/55     AC: 16    Str: 15    XL:     10   Next: 28%
Magic:  0/14       EV: 14    Int: 11    God:    Uskayaw [*.....]
Gold:   391        SH:  0    Dex: 25    Spells: 9/9 levels left

rFire   . . .      SeeInvis .    y - +1 rapier (venom)
rCold   + . .      Faith    .    (no shield)
rNeg    + . .      Spirit   +    t - +7 Kryia's mail coat {PotionHeal*2 rC+}
rPois   .          Reflect  .    z - +0 helmet
rElec   .          Harm     .    A - +0 cloak
rCorr   .          Rampage  .    l - +0 pair of gloves
Will    +....                    (no boots)
Stlth   +++                      (no amulet)
HPRegen 1.09/turn                E - ring "Voannui" {rN+ Dex+6}
MPRegen 0.14/turn                G - +5 ring of evasion

@: studying 2 skills
A: fangs 3, regeneration 1, magic shield, antimagic bite, no potion heal 2
a: Renounce Religion, Stomp


You were on level 8 of the Dungeon.
You worshipped Uskayaw.
Uskayaw was noncommittal.
You visited 2 branches of the dungeon, and saw 9 of its levels.

You collected 391 gold pieces.

Inventory:

Hand Weapons
 a - a +2 dagger
 j - a +0 dagger of electrocution
 m - a +1 dagger of protection
 y - a +1 rapier of venom (weapon)
Missiles
 d - 32 poisoned darts (quivered)
 e - 3 curare-tipped darts
 k - 5 atropa-tipped darts
Armour
 l - a +0 pair of gloves (worn)
 t - the +7 Kryia's mail coat (worn) {PotionHeal*2 rC+}
   (You found it on level 3 of the Dungeon)

   Potions are twice as effective at healing its wearer.
   rC:        It protects you from cold.
 z - a +0 helmet (worn)
 A - a +0 cloak (worn)
Jewellery
 q - a ring of positive energy
 E - the ring "Voannui" (left hand) {rN+ Dex+6}
   (You found it on level 6 of the Dungeon)

   [ring of dexterity]

   Dex:       It affects your dexterity (+6).
   rN:        It protects you from negative energy.
 G - a +5 ring of evasion (right hand)
Wands
 c - a wand of polymorph (3)
 B - a wand of charming (23)
 D - a wand of iceblast (13)
 J - a wand of acid (10)
Scrolls
 g - a scroll of fear {unknown}
 o - a scroll of butterflies {unknown}
 p - 2 scrolls of silence {unknown}
 s - 2 scrolls of poison {unknown}
 v - 3 scrolls of vulnerability {unknown}
 w - 2 scrolls of enchant armour {unknown}
 C - 3 scrolls of teleportation {unknown}
 F - a scroll of magic mapping {unknown}
 H - 2 scrolls of identify {unknown}
 I - 2 scrolls of fog {unknown}
Potions
 b - 3 potions of flight {unknown}
 f - 2 potions of degeneration {unknown}
 h - 4 potions of curing {unknown}
 i - 3 potions of haste
 n - a potion of might {unknown}
 r - a potion of cancellation {unknown}
 u - a potion of brilliance {unknown}
 x - a potion of mutation {unknown}


   Skills:
 + Level 7.6 Fighting
 - Level 10.0 Short Blades
 - Level 1.7 Throwing
 - Level 0.7 Dodging
 + Level 9.3 Stealth
 * Level 4.2 Invocations


You had 9 spell levels left.
You didn't know any spells.
Your spell library contained the following spells:

 Spells                   Type           Power      Damage    Failure   Level
 Ozocubu's Armour         Ice            0%         N/A       99%         3
 Metabolic Englaciation   Hex/Ice        0%         N/A       100%        5
 Simulacrum               Ice/Necr       0%         N/A       100%        6


Dungeon Overview and Level Annotations

Branches:
Dungeon (8/15)             Temple (1/1) D:6            Lair (0/5) D:8

Altars:
Ashenzari
Cheibriados
Elyvilon
Fedhas
Hepliaklqana
Kikubaaqudgha
Makhleb
Nemelex Xobeh
Qazlal
Sif Muna
Trog
Uskayaw
Vehumet
Xom
Yredelemnul
Zin
The Shining One


Innate Abilities, Weirdness & Mutations

You have razor-sharp teeth.
Your natural rate of healing is unusually fast.
When hurt, damage is shared between your health and your magic reserves.
Your bite disrupts and absorbs the magic of your enemies.
Potions cannot restore your health.


Message History

The cyan ugly thing looks as sick as possible!
You bite the cyan ugly thing. You drain its power.
You feel invigorated.
The cyan ugly thing is moderately wounded.
The cyan ugly thing tentacle-slaps you. The cyan ugly thing shocks you!
You can now pass through a line of other dancers.
Throw: 5 darts (atropa)
Press: ? - help, Shift-Dir - straight line, f - cyan ugly thing
Aim: a cyan ugly thing (moderately wounded, extremely poisoned, 67% to hit, chance to blind on hit: 19%)
Okay, then.
Aiming: Line Pass
Press: ? - help, Dir - move target The cyan ugly thing appears confused.
You can no longer pass through a line of other dancers.
The cyan ugly thing tentacle-slaps itself.
You hit the cyan ugly thing but do no damage.
The cyan ugly thing is heavily wounded.
The cyan ugly thing seems less confused.
You closely miss the cyan ugly thing.
The cyan ugly thing is heavily wounded.
The cyan ugly thing misses you.
You hit the cyan ugly thing but do no damage.
The cyan ugly thing looks as sick as possible!
The cyan ugly thing is heavily wounded.
The cyan ugly thing tentacle-slaps you! The cyan ugly thing shocks you!
* * * LOW HITPOINT WARNING * * *
Okay, then.
Okay, then.
Aiming: Charm
Press: ? - help, Shift-Dir - straight line, f - cyan ugly thing
Aim: a cyan ugly thing (heavily wounded, extremely poisoned, chance to affect: 31%)
Okay, then.
Aiming: Corrosive Bolt
Press: ? - help, Shift-Dir - straight line, f - cyan ugly thing
Aim: a cyan ugly thing (heavily wounded, extremely poisoned, 71% to hit)
The bolt of acid hits the cyan ugly thing!
The cyan ugly thing is severely wounded.
The cyan ugly thing tentacle-slaps you.
* * * LOW HITPOINT WARNING * * *
The cyan ugly thing shocks you!
You die...

###.....###
##.........#
##...P.......
##............
##########.......>.....
#......................
#.####.##..#.......P...
#u#.#.##.........#
#@##..####.....###
#.###...####.### #.#
#....###.# ..#
##.#.##..# ###
#.......######
#..#.##.#.....
#..#.##.#.####
#######.........#
.........#.##.###


You could see a cyan ugly thing (extremely poisoned).

Vanquished Creatures
  Pikel (D:7)
  Joseph (D:7)
  Sigmund (D:3)
  Menkaure (D:7)
  3 wargs (D:8)
  A water moccasin (D:7)
  2 sky beasts (D:6)
  An ice beast (D:5)
  2 ogres
  2 black bears (D:5)
  2 centaurs
  2 phantoms
  A lemure (D:7)
  The ghost of Oxelix the Sneak, an amateur SpBr of Dithmenos (D:6)
  5 bullfrogs
  3 scorpions
  A gnoll sergeant (D:6)
  6 wights
  3 killer bees (D:8)
  A howler monkey (D:6)
  4 quasits (D:6)
  4 hounds
  A jelly (D:4)
  An orc priest (D:8)
  3 iguanas
  Natasha (D:2)
  3 orc wizards
  3 gnolls (D:6)
  4 adders
  2 white imps (D:5)
  An ufetubus (D:5)
  2 dart slugs
  6 orcs
  4 ball pythons
  9 endoplasms
  3 giant cockroaches
  6 goblins
  11 hobgoblins
  6 jackals (D:1)
  3 kobolds
  4 quokkas
  6 bats
  4 frilled lizards (D:1)
  3 rats
134 creatures vanquished.

Notes
Turn   | Place    | Note
-------+----------+-------------------------------------------
     0 | D:1      | Bnni the Vine Stalker Brigand began the quest for the Orb.
     0 | D:1      | Reached XP level 1. HP: 11/11 MP: 2/2
    34 | D:1      | Reached skill level 2 in Short Blades
   121 | D:1      | Reached XP level 2. HP: 12/15 MP: 3/3
   359 | D:1      | Reached XP level 3. HP: 18/18 MP: 4/4
   932 | D:2      | Reached skill level 3 in Short Blades
  1111 | D:2      | Noticed Natasha
  1118 | D:2      | Killed Natasha
  1119 | D:2      | Gained mutation: Your natural rate of healing is unusually
                  | fast. [Vine Stalker growth]
  1119 | D:2      | Reached XP level 4. HP: 23/23 MP: 5/5
  1342 | D:3      | Found a stormy altar of Qazlal.
  1438 | D:3      | Found the +7 Kryia's mail coat {PotionHeal*2 rC+}
  1695 | D:3      | Noticed Sigmund
  1716 | D:3      | Killed Sigmund
  1717 | D:3      | Reached skill level 4 in Short Blades
  1717 | D:3      | Reached XP level 5. HP: 26/28 MP: 4/6
  1717 | D:3      | Reached XP level 6. HP: 29/32 MP: 4/7
  1972 | D:4      | Reached skill level 5 in Short Blades
  2054 | D:4      | Found a shimmering blue altar of Sif Muna.
  2243 | D:4      | Reached XP level 7. HP: 21/34 MP: 5/8
  2277 | D:4      | Reached skill level 6 in Short Blades
  2718 | D:5      | Entered Level 5 of the Dungeon
  2769 | D:5      | Gained mutation: You have razor-sharp teeth. [Vine Stalker
                  | growth]
  2769 | D:5      | Reached XP level 8. HP: 26/42 MP: 4/9
  2845 | D:5      | Reached skill level 5 in Fighting
  2845 | D:5      | Reached skill level 7 in Short Blades
  3076 | D:5      | Found a radiant altar of Vehumet.
  3180 | D:5      | Found a shimmering altar of Xom.
  3522 | D:6      | Reached skill level 8 in Short Blades
  3605 | D:6      | Found a transporter.
  3607 | D:6      | Noticed Oxelix's ghost (amateur SpBr)
  3622 | D:6      | Found a transporter.
  3800 | D:6      | Reached XP level 9. HP: 48/48 MP: 8/10
  3824 | D:6      | Found a staircase to the Ecumenical Temple.
  3890 | D:6      | Reached skill level 5 in Stealth
  3917 | Temple   | Entered the Ecumenical Temple
  4090 | Temple   | Became a worshipper of Uskayaw the Reveller
  4283 | D:6      | Reached * piety under Uskayaw
  4289 | D:6      | Reached ** piety under Uskayaw
  4313 | D:6      | Reached *** piety under Uskayaw
  4314 | D:6      | Killed Oxelix's ghost
  4316 | D:6      | Identified the ring "Voannui" {rN+ Dex+6}
  4357 | D:6      | Identified 2 scrolls of acquirement
  4357 | D:6      | Acquired a manual of Stealth
  4360 | D:7      | Noticed Menkaure
  4364 | D:7      | Killed Menkaure
  4365 | D:7      | Reached skill level 9 in Short Blades
  4481 | D:7      | Reached **** piety under Uskayaw
  4482 | D:7      | Reached skill level 1 in Invocations
  4561 | D:7      | Noticed Joseph
  4582 | D:7      | Killed Joseph
  4635 | D:7      | Noticed Pikel
  4646 | D:7      | Killed Pikel
  4647 | D:7      | Reached XP level 10. HP: 55/55 MP: 11/13
  4762 | D:7      | Reached skill level 10 in Short Blades
  5083 | D:7      | Acquired a manual of Fighting
  5178 | D:8      | Reached ***** piety under Uskayaw
  5208 | D:8      | Found a staircase to the Lair.
  5552 | D:8      | Noticed a cyan ugly thing
  5560 | D:8      | Mangled by a cyan ugly thing

Illustrated notes

Levels and vault maps discovered:
D:1:      dpeg_arrival_rhombus, layout_loops_ring, minmay_pentomino_o2
D:2:      layout_rooms, uniq_natasha
D:3:      layout_basic, amcnicky_altar_gilded, uniq_sigmund
D:4:      layout_gridville, minmay_ruined_shrine
D:5:      layout_loops_ring, general_overflow_altar,
          mainiacjoe_overflow_cross_hatched
D:6:      layout_rooms, minmay_temple_entry_enclosed_plants,
          gammafunk_ghost_stat_death
D:7:      layout_loops_cross, uniq_pikel, uniq_menkaure, uniq_joseph
D:8:      layout_loops_ring, erik_lair_orcish_takeover
Temple:   eino_narrow_crystal_temple

Skill      XL: |  1  2  3  4  5  6  7  8  9 10 |
---------------+-------------------------------+-----
Short Blades   | 2 3 4 5 6 8 9 10 | 10.0
Fighting       | 2 3 4 6 7 |  7.6
Stealth        | 8 9 |  9.3
Invocations    | 2 4 |  4.2
Throwing       | |  1.7
Dodging        | |  0.7

Action                   |  1- 3 |  4- 6 |  7- 9 | 10-12 || total
-------------------------+-------+-------+-------+-------++-------
Melee: Dagger            |    91 |   176 |    48 |       ||   315
       Bite              |    15 |    52 |    84 |    13 ||   164
       Punch             |     1 |     2 |     1 |       ||     4
       Rapier            |       |       |   202 |    55 ||   257
Throw: Dart              |       |       |     1 |       ||     1
Invok: Line Pass         |       |       |       |     1 ||     1
Evoke: Wand              |       |       |       |     1 ||     1
  Use: Scroll            |       |       |     2 |     1 ||     3
 Stab: Sleeping          |     4 |     6 |     3 |     3 ||    16
       Paralysed         |       |       |     3 |     1 ||     4
Armor: Robe              |     8 |       |       |       ||     8
       Ring mail         |    19 |     7 |       |       ||    26
       Scale mail        |       |    78 |   182 |    23 ||   283
Dodge: Dodged            |    49 |    58 |   125 |    29 ||   261

Table legend: (Time is in decaauts)
 A = Elapsed time spent in this place.
 B = Non-inter-level travel time spent in this place.
 C = Inter-level travel time spent in this place.
 D = Time resting spent in this place.
 E = Time spent auto-exploring this place.
 F = Levels seen in this place.
 G = Mean time per level.
                   A        B        C        D        E       F      G
               +--------+--------+--------+--------+--------+-----+--------+
         Total |   5430 |   5152 |    278 |    128 |   3897 |   9 |  603.3 |
       Dungeon |   5241 |   4977 |    264 |    128 |   3736 |   8 |  655.1 |
        Temple |    188 |    174 |     14 |      0 |    161 |   1 |  188.0 |
               +--------+--------+--------+--------+--------+-----+--------+

Top non-repeatable levels by time:
     D:1: 880 daAuts
     D:4: 788 daAuts
     D:5: 778 daAuts
     D:7: 725 daAuts
     D:6: 647 daAuts
     D:3: 566 daAuts
     D:8: 439 daAuts
     D:2: 413 daAuts
  Temple: 188 daAuts
